 Dungeon Crawl Stone Soup version 0.26.1-2-gb8aa6d0cf2 (webtiles) character file.

Game seed: 83290596111429661

413 kreisler the Covert (level 6, 0/41 HPs)
             Began as an Octopode Brigand on Mar 15, 2021.
             Slain by a quokka (4 damage)
             ... on level 4 of the Dungeon.
             The game lasted 00:13:30 (3139 turns).

kreisler the Covert (Octopode Brigand)              Turns: 3139, Time: 00:13:31

Health: 0/41       AC:  5    Str:  9 (12) XL:     6   Next: 90%
Magic:  6/6        EV: 13    Int: 10 (13) God:
Gold:   235        SH:  0    Dex: 13 (14) Spells: 5/5 levels left

rFire    . . .     SeeInvis .   a - +2 dagger
rCold    . . .     Faith    +   (no shield)
rNeg     . . .     Spirit   .   (helmet restricted)
rPois    +         Reflect  .   i - amulet of faith
rElec    .         Harm     .   k - ring of poison resistance
rCorr    .         Rampage  .   l - +4 ring of protection
Will     .....                  (no ring)
Stlth    +++++.....             (no ring)
HPRegen  0.13/turn              (no ring)
MPRegen  0.10/turn              (no ring)
                                (no ring)
                                (no ring)

@: no status effects
A: almost no armour, stealthy swim, amphibious, 8 rings, constrict 8, camouflage
1, gelatinous body 1
a: no special abilities


You were on level 4 of the Dungeon.
You visited 1 branch of the dungeon, and saw 4 of its levels.

You collected 235 gold pieces.

Inventory:

Hand Weapons
 a - a +2 dagger (weapon)
 j - a +1 dagger of freezing
 o - a +0 falchion
Missiles
 b - 8 poisoned darts (quivered)
 c - 8 curare-tipped darts
Jewellery
 d - an uncursed ring of fire
 e - a cursed -4 ring of evasion
 i - an amulet of faith (around mantle)
 k - a ring of poison resistance (left tentacle)
 l - a +4 ring of protection (right tentacle)
Scrolls
 m - a scroll of enchant armour
Potions
 h - 2 potions of curing


   Skills:
 + Level 2.9 Fighting
 + Level 4.3 Short Blades
 + Level 2.3 Throwing
 + Level 1.9 Dodging
 + Level 8.5 Stealth


You had 5 spell levels left.
You didn't know any spells.
Your spell library was empty.

Dungeon Overview and Level Annotations

Branches:
Dungeon (4/15)
 Temple: D:4-7

Altars:

Annotations:
D:2 1 runed translucent door, Crazy Yiuf


Innate Abilities, Weirdness & Mutations

You cannot wear most types of armour.
You are very stealthy in the water. (Stealth+)
You are amphibious.
You can wear up to eight rings at the same time.
You can use your tentacles to constrict eight enemies at once.
Your skin changes colour to match your surroundings (Stealth+).
Your rubbery body absorbs attacks. (AC +1, EV +1)


Message History

You barely miss the gnoll.
The gnoll is moderately wounded.
You constrict the gnoll. The adder barely misses you. The quokka bites you.
* * * LOW HITPOINT WARNING * * *
The ice beast hits you but does no damage.
The gnoll hits you but does no damage. The adder bites you.
* * * LOW HITPOINT WARNING * * *
You hit the quokka. You grab the quokka.
The quokka is moderately wounded.
You constrict the gnoll, but do no damage.
You constrict the quokka, but do no damage.
The quokka closely misses you. The gnoll misses you.
The ice beast hits you but does no damage.
The gnoll hits you with a +0 whip.
* * * LOW HITPOINT WARNING * * *
The adder bites you but does no damage.
You hit the ice beast.
The ice beast is lightly wounded.
You constrict the gnoll. You constrict the quokka. The quokka bites you.
You die...

##..⌠...⌠..##
#.......?...#
#.....⌠.....#
#?.<.....<..#
#.....⌠.^...#
#...........#
#..⌠.ggg..#
##...S...##?##
#...r@g......
##..Y..##....
#...).# #
#(....#
##....##
#.#...# ..
#..#..##.#
##..#.#...
##...#.#...


You could see an ice beast, 4 gnolls, an adder and a quokka.

Vanquished Creatures
  Sigmund (D:2)
  A scorpion (D:3)
  An orc priest (D:3)
  An orc wizard (D:3)
  Jessica (D:2)
  Terence (D:2)
  3 adders
  3 worms
  3 dart slugs
  4 leopard geckos
  4 orcs (D:3)
  A giant cockroach (D:1)
  7 goblins
  9 hobgoblins
  2 jackals (D:3)
  3 kobolds
  A quokka (D:2)
  4 bats
  12 frilled lizards
  11 rats
73 creatures vanquished.

Vanquished Creatures (others)
  9 plants (D:2)
9 creatures vanquished.

Grand Total: 82 creatures vanquished

Notes
Turn   | Place    | Note
-------+----------+-------------------------------------------
     0 | D:1      | kreisler the Octopode Brigand began the quest for the Orb.
     0 | D:1      | Reached XP level 1. HP: 14/14 MP: 1/1
   432 | D:1      | Reached XP level 2. HP: 19/19 MP: 2/2
   787 | D:1      | Reached skill level 6 in Stealth
   978 | D:1      | Reached XP level 3. HP: 24/24 MP: 3/3
  1290 | D:2      | Noticed Terence
  1297 | D:2      | Killed Terence
  1298 | D:2      | Reached XP level 4. HP: 29/29 MP: 4/4
  1320 | D:2      | Noticed Sigmund
  1327 | D:2      | Killed Sigmund
  1328 | D:2      | Reached skill level 7 in Stealth
  1328 | D:2      | Reached XP level 5. HP: 35/35 MP: 5/5
  1603 | D:2      | Found a runed translucent door.
  1604 | D:2      | Noticed Crazy Yiuf
  1750 | D:2      | Noticed Jessica
  1769 | D:2      | Reached XP level 6. HP: 34/41 MP: 6/6
  1773 | D:2      | Killed Jessica
  1840 | D:2      | Reached skill level 8 in Stealth
  3122 | D:4      | Noticed an ice beast
  3139 | D:4      | Slain by a quokka

Illustrated notes

Levels and vault maps discovered:
D:1:      saegor_arrival_miasma, layout_basic, chequers_jeans
D:2:      layout_basic, minmay_lizard_king, uniq_sigmund, uniq_terence,
          uniq_crazy_yiuf_cottage, uniq_jessica
D:3:      layout_loops_ring
D:4:      layout_gridville, serial_shops, nicolae_shop_statue_plus,
          grunt_ministairs_10, hangedman_abyss_or_decor_slice

Skill      XL: |  1  2  3  4  5  6 |
---------------+-------------------+-----
Stealth        | 6 7 8 |  8.5
Short Blades   | 3 4 |  4.3
Fighting       | |  2.9
Throwing       | |  2.3
Dodging        | |  1.9

Action                   |  1- 3 |  4- 6 || total
-------------------------+-------+-------++-------
Melee: Dagger            |    46 |    99 ||   145
       Constrict         |    10 |    24 ||    34
       Tentacles         |     8 |    13 ||    21
  Use: Scroll            |     4 |     6 ||    10
       Potion            |     1 |     5 ||     6
 Stab: Sleeping          |     8 |    15 ||    23
       Distracted        |       |     1 ||     1
Armor: Skin              |     2 |    15 ||    17
Dodge: Dodged            |    24 |    51 ||    75
